[Event "Schack-SM 2023: Junior-SM"]
[Site "Helsingborg Arena, Mellersta Stenbocksgatan 14, Helsingborg, Sweden"]
[Date "2023.07.02"]
[Round "2.2"]
[White "Falkevall, Axel"]
[Black "Ostlund, Joar"]
[Result "0-1"]
[TimeControl "90 minutes for 40 moves + 30 minutes for the rest of the game + 30 seconds per move from move one."]
[WhiteTitle "FM"]
[BlackTitle "CM"]
[WhiteElo "2311"]
[BlackElo "2265"]

1. e4 e5 2. Nf3 Nc6 3. Bb5 Nf6 4. d3 Bc5 5. c3 O-O 6. O-O d5 7. exd5 Qxd5 8. Bc4 Qd8 9. Nbd2 a6 10.
b4 Ba7 11. Qe2 Bf5 12. Ne4 h6 13. a4 Re8 14. Bd2 Qe7 15. Bb3 Rad8 16. Bc2 Rd7 17. b5 Nd8 18. Rad1 Nxe4 19. dxe4 Bg4 20.
Be3 Bxe3 21. Qxe3 axb5 22. axb5 Rxd1 23. Bxd1 Bxf3 24. Qxf3 Qc5 25. Be2 Ne6 26. Rd1 Rd8 27. Rxd8+ Nxd8 28.
Qd3 Ne6 29. g3 g6 30. Bg4 Nf8 31. h4 Nh7 32. Bd1 Nf6 33. Bb3 Kg7 34. Kg2 Ne8 35. f4 Nd6 36. fxe5 Qxe5 37. Bd5 b6 38.
Bc6 Kf8 39. Qd4 f6 40. Qd3 Ke7 41. Qd4 Qxd4 42. cxd4 Nc8 43. Bd5 Na7 44. Bc4 c6 45. bxc6 Nxc6 46. d5 Ne5 47. Ba2 Kd6 48.
Kf2 Kc5 49. Ke3 b5 50. Bb1 Kc4 51. Kd2 Kd4 52. Kc2 Kxe4 53. Ba2 Kd4 54. Kb2 Nd7 55. Bb1 Ne5 56. d6 Nc4+ 57. Kb3 Nxd6 58.
Bxg6 Ke3 59. Kb4 Kf3 60. Kc5 Ne4+ 61. Kxb5 Nxg3 62. Kc4 Kg4 63. Kd4 Kxh4 64. Ke3 Kg4 65. Kf2 f5 66. Be8 h5 67.
Ba4 Ne4+ 68. Kg2 h4 69. Bd1+ Kf4 70. Bh5 Ng5 71. Bd1 Ke3 72. Ba4 f4 73. Bb5 f3+ 74. Kh2 Kf2 75. Ba6 Ke1 76.
Bb5 f2 77. Kg2 h3+ 78. Kh2 f1=Q 79. Bxf1 Kxf1 80. Kh1 Kf2 81. Kh2 Kf3 0-1

[Event "Schack-SM 2023: Mastarklassen"]
[Site "Helsingborg Arena, Mellersta Stenbocksgatan 14, Helsingborg, Sweden"]
[Date "2023.07.02"]
[Round "2.1"]
[White "Lundin, Jan"]
[Black "Muntean, Victor"]
[Result "1-0"]
[TimeControl "90 minutes for 40 moves + 30 minutes for the rest of games + 30 seconds per move from move one."]
[WhiteTitle "FM"]
[WhiteElo "2203"]
[BlackElo "2097"]

1. c4 g6 2. Nc3 Bg7 3. g3 Nf6 4. Bg2 O-O 5. e4 d6 6. Nge2 c5 7. O-O Nc6 8. d3 a6 9. h3 Rb8 10.
a4 Ne8 11. Be3 Nc7 12. d4 cxd4 13. Nxd4 Ne6 14. Nde2 Nc5 15. Rb1 Nb4 16. b3 Bd7 17. Nd5 Nxd5 18. exd5 Bf5 19. Rc1 Bb2 20.
Nd4 Bxc1 21. Qxc1 Bd7 22. Bh6 Re8 23. Qc3 f6 24. Re1 Qc8 25. h4 Kf7 26. h5 b5 27. axb5 axb5 28. Nc6 Bxc6 29.
dxc6 e6 30. b4 bxc4 31. bxc5 d5 32. Bg5 fxg5 33. h6 e5 34. Bxd5+ Kf6 35. Qxc4 g4 36. c7 Qxc7 37. Qxg4 Qxc5 38.
Qf3+ Kg5 39. Rxe5+ Kxh6 40. Rh5+ 1-0

[Event "Schack-SM 2023: Veteran-SM 65+"]
[Site "Helsingborg Arena, Mellersta Stenbocksgatan 14, Helsingborg, Sweden"]
[Date "2023.07.02"]
[Round "2.3"]
[White "Franzen Hogberg, Thomas"]
[Black "Ivarsson, Torbjorn"]
[Result "1/2-1/2"]
[TimeControl "90 minutes for 40 moves + 30 minutes for the rest of games + 30 seconds per move from move one."]
[WhiteElo "1998"]
[BlackElo "2073"]

1. b3 c5 2. Bb2 Nf6 3. e3 d5 4. f4 Nc6 5. Nf3 Bf5 6. Bb5 Qb6 7. Bxc6+ Qxc6 8. O-O Bg4 9. d3 g6 10.
h3 Bxf3 11. Qxf3 Bg7 12. g4 O-O 13. Be5 Nd7 14. Bxg7 Kxg7 15. c4 Nb6 16. Nc3 Rad8 17. Rad1 a6 18. h4 Qf6 19. Nxd5 Nxd5 20.
cxd5 Qxh4 21. Rf2 f5 22. Rg2 fxg4 23. Rxg4 Qf6 24. Qg2 e6 25. dxe6 Qxe6 26. e4 Rd6 27. f5 Qe5 28. Rg5 Rff6 29.
Kh1 h6 30. Rg3 g5 31. Rg1 Kf7 32. Qh3 Ke7 33. Rf3 Kd7 34. Qg3 Qxg3 1/2-1/2

[Event "Schack-SM 2023: Veteran-SM 50+"]
[Site "Helsingborg Arena, Mellersta Stenbocksgatan 14, Helsingborg, Sweden"]
[Date "2023.07.02"]
[Round "2.3"]
[White "Eriksson, Bengt"]
[Black "Nilsson, Patrik 1968"]
[Result "0-1"]
[TimeControl "90 minutes for 40 moves + 30 minutes for the rest of games + 30 seconds per move from move one."]
[WhiteElo "2016"]
[BlackElo "1931"]

1. d4 d6 2. c4 g6 3. e4 Bg7 4. Nc3 Nf6 5. Be2 O-O 6. Bg5 Na6 7. Qd2 e5 8. d5 Nc5 9. f3 a5 10.
O-O-O Bd7 11. h4 Qe8 12. Nh3 Nh5 13. g4 Ng3 14. Rh2 f6 15. Be3 Nxe2+ 16. Qxe2 a4 17. Rg1 b5 18. cxb5 Rb8 19.
Bxc5 dxc5 20. g5 Bxb5 21. Qe3 a3 22. h5 axb2+ 23. Rxb2 f5 24. exf5 Rxf5 25. Ne4 Bc4 26. Qxc5 Rxb2 27.
Kxb2 Qa4 28. Ra1 Rxf3 29. h6 Rxh3 30. hxg7 Rh2+ 31. Nf2 Qb5+ 32. Qxb5 Bxb5 33. a4 Rxf2+ 34. Kb3 Ba6 35. Re1 Re2 36.
Rc1 Bb7 37. Rxc7 Bxd5+ 38. Kc3 Ra2 39. Rc5 Bf7 40. a5 e4 41. Kb4 e3 42. Re5 e2 43. Kb5 Kxg7 44. a6 Rb2+ 45. Kc6 Bc4 46.
a7 Ra2 47. Kc5 Ra5+ 48. Kxc4 Rxe5 49. a8=Q e1=Q 50. Qb7+ Re7 51. Qb2+ Qe5 0-1

[Event "Schack-SM 2023: Sverigemastarklassen"]
[Site "Helsingborg Arena, Mellersta Stenbocksgatan 14, Helsingborg, Sweden"]
[Date "2023.07.02"]
[Round "2.1"]
[White "Olsson, William"]
[Black "Sivuk, Vitaly"]
[Result "0-1"]
[TimeControl "90 minutes for 40 moves + 30 minutes for the rest of the game + 30 seconds per move from move one."]
[WhiteTitle "FM"]
[BlackTitle "GM"]
[WhiteElo "2383"]
[BlackElo "2432"]

1. c4 e6 2. Nf3 d5 3. d4 Nf6 4. g3 dxc4 5. Bg2 c6 6. O-O b5 7. Ne5 Bb7 8. a4 a6 9. Nc3 Nd5 10.
Ne4 Nd7 11. b3 Nxe5 12. dxe5 c3 13. Bg5 Qb8 14. Nd6+ Bxd6 15. exd6 f6 16. Bc1 Qxd6 17. e4 b4 18. exd5 cxd5 19.
Qh5+ g6 20. Qh6 O-O-O 21. Re1 e5 22. f4 e4 23. f5 g5 24. Qh5 Rhe8 25. Qg4 d4 26. Bxe4 Rxe4 27. Rxe4 Qd5 28. Re2 Qh1+ 0-1

[Event "Schack-SM 2023: Junior-SM"]
[Site "Helsingborg Arena, Mellersta Stenbocksgatan 14, Helsingborg, Sweden"]
[Date "2023.07.02"]
[Round "2.3"]
[White "Joensson, Oscar"]
[Black "Persson, Sebastian 2007"]
[Result "0-1"]
[TimeControl "90 minutes for 40 moves + 30 minutes for the rest of the game + 30 seconds per move from move one."]
[WhiteElo "2077"]
[BlackElo "1947"]

1. d4 d5 2. c4 c6 3. Nf3 Nf6 4. Qb3 e6 5. g3 Nbd7 6. Bg2 Be7 7. O-O O-O 8. Bf4 Re8 9. Rc1 Nf8 10.
Ne5 N6d7 11. Nxd7 Qxd7 12. Nd2 Ng6 13. Be3 Bf6 14. f4 h5 15. Nf3 b6 16. Ne5 Bxe5 17. dxe5 Ba6 18. Qa4 Bxc4 19.
Rxc4 b5 20. Qa6 bxc4 21. Bc5 Reb8 22. Qa3 Rb5 23. b4 a5 24. Bd6 Qb7 25. Qf3 axb4 26. f5 exf5 27. Qxf5 Re8 28. a4 bxa3 29.
Rxa3 Rb3 30. Ra1 c3 31. Rf1 Rb2 32. Rc1 Qb6+ 33. Kh1 Qe3 34. Rf1 Nh8 35. e6 Qxe6 0-1

[Event "Schack-SM 2023: Mastarklassen"]
[Site "Helsingborg Arena, Mellersta Stenbocksgatan 14, Helsingborg, Sweden"]
[Date "2023.07.02"]
[Round "2.2"]
[White "Mashhadi, Peyman"]
[Black "Nilsson, Patrik 1978"]
[Result "0-1"]
[TimeControl "90 minutes for 40 moves + 30 minutes for the rest of games + 30 seconds per move from move one."]
[WhiteElo "2117"]
[BlackElo "2167"]

1. e4 e6 2. d4 d5 3. e5 c5 4. c3 Qb6 5. Nf3 Nc6 6. a3 f6 7. Bd3 fxe5 8. dxe5 c4 9. Bc2 g6 10.
O-O Bg7 11. Qe2 Nge7 12. Re1 O-O 13. Nbd2 Bd7 14. h3 Rac8 15. Rb1 Qc7 16. Nf1 b5 17. N1h2 a5 18. Bg5 d4 19. cxd4 Nd5 20.
Rbd1 Qb6 21. Be4 Nce7 22. Ng4 Bc6 23. Qd2 Nf5 24. Nh6+ Kh8 25. Rc1 Bb7 26. g4 Nxh6 27. Bxh6 b4 28.
Bxg7+ Kxg7 29. Qg5 Nf4 30. Kh2 Bxe4 31. Rxe4 Nd3 32. Kg2 Nxc1 33. Qxc1 c3 34. Ng5 cxb2 35. Qxb2 h6 36. Nf3 b3 37.
Re2 a4 38. d5 Qc5 39. Rd2 Qc4 0-1

[Event "Schack-SM 2023: Veteran-SM 65+"]
[Site "Helsingborg Arena, Mellersta Stenbocksgatan 14, Helsingborg, Sweden"]
[Date "2023.07.02"]
[Round "2.4"]
[White "Sigeman, Johan"]
[Black "Green, Per"]
[Result "0-1"]
[TimeControl "90 minutes for 40 moves + 30 minutes for the rest of games + 30 seconds per move from move one."]
[WhiteElo "2052"]
[BlackElo "1898"]

1. d4 Nf6 2. c4 e6 3. g3 d5 4. Nf3 dxc4 5. Bg2 c5 6. O-O Nc6 7. Qa4 Bd7 8. Qxc4 b5 9. Qd3 c4 10.
Qc2 Rc8 11. Bd2 Be7 12. a4 a6 13. axb5 axb5 14. b3 Nb4 15. Qb2 Rb8 16. Rc1 Nc6 17. bxc4 bxc4 18. Qa2 Nb4 19. Bxb4 Bxb4 20.
Qxc4 Rc8 21. Ra8 Rxa8 22. Qxb4 Nd5 23. Qd2 Rc8 24. Rd1 O-O 25. e4 Nf6 26. Qe3 Ba4 27. Re1 Qc7 28. Nbd2 h6 29.
h3 Rfd8 30. Bf1 Bc6 31. Bd3 Qb7 32. Qf4 Qc7 33. Qe3 Bb7 34. Bb1 Qc3 35. Qf4 Qb2 36. Nf1 Qb4 37. Bd3 Qa5 38. N1d2 Qa3 39.
Re3 Rc3 40. Bb1 Rxe3 41. Qxe3 Qxe3 42. fxe3 Rc8 43. Kf2 Rc1 44. Bd3 Rc3 45. Bb1 Kf8 46. g4 Ke7 47. Ne5 Ba6 48. Kf3 Rc1 0-1

[Event "Schack-SM 2023: Veteran-SM 50+"]
[Site "Helsingborg Arena, Mellersta Stenbocksgatan 14, Helsingborg, Sweden"]
[Date "2023.07.02"]
[Round "2.4"]
[White "Wahlund, Max"]
[Black "Knudsen, Andre"]
[Result "1-0"]
[TimeControl "90 minutes for 40 moves + 30 minutes for the rest of games + 30 seconds per move from move one."]
[WhiteTitle "CM"]
[WhiteElo "2002"]
[BlackElo "1842"]

1. d4 d5 2. Bf4 e6 3. e3 c5 4. Nf3 cxd4 5. exd4 Bd6 6. Bb5+ Nc6 7. Ne5 Bxe5 8. Bxe5 Nf6 9. Bf4 Qa5+ 10.
Nc3 Ne4 11. Qd3 O-O 12. O-O Nxc3 13. bxc3 Bd7 14. Rfe1 Nb8 15. Rab1 Bc6 16. Qg3 Nd7 17. Bh6 g6 18. Bxc6 bxc6 19.
Bxf8 Nxf8 20. Rb7 Qd8 21. Qf4 Qe8 22. h4 Nd7 23. h5 gxh5 24. Re3 Nf8 25. Rf3 Ng6 26. Qh6 1-0

[Event "Schack-SM 2023: Sverigemastarklassen"]
[Site "Helsingborg Arena, Mellersta Stenbocksgatan 14, Helsingborg, Sweden"]
[Date "2023.07.02"]
[Round "2.2"]
[White "Hector, Jonny"]
[Black "Hillarp Persson, Tiger"]
[Result "1/2-1/2"]
[TimeControl "90 minutes for 40 moves + 30 minutes for the rest of the game + 30 seconds per move from move one."]
[WhiteTitle "GM"]
[BlackTitle "GM"]
[WhiteElo "2481"]
[BlackElo "2493"]

1. e4 c5 2. Nf3 d6 3. d4 cxd4 4. Nxd4 Nf6 5. Nc3 a6 6. Bg5 Nbd7 7. f4 Qa5 8. Qd3 e5 9. Nf5 Nxe4 10.
Qxe4 Nc5 11. Qe3 Bxf5 12. O-O-O h6 13. Bh4 Ne6 14. fxe5 Qxe5 15. Qf2 Qf4+ 16. Qxf4 Nxf4 17. Bg3 Ne6 18.
Bc4 Rc8 19. Bd5 Rc7 20. Rhf1 g6 21. Be4 Rxc3 22. Bxf5 Rxg3 23. Bxe6 Rxg2 24. Bxf7+ Kd8 25. Rd2 Rxd2 26. Kxd2 Bg7 27.
Bxg6 Bxb2 28. Rb1 Rg8 29. Be4 Be5 30. Rxb7 Rg5 31. Ra7 a5 32. h3 Rg3 33. Bd3 Rxh3 34. Rxa5 h5 35. Ra7 Rh2+ 36.
Ke3 Rh4 37. Rh7 Ra4 38. Rxh5 Rxa2 39. Rh7 Ra4 40. c4 Ra5 41. Bf5 Bd4+ 42. Kf4 Be3+ 43. Kg4 Ra7 1/2-1/2

[Event "Schack-SM 2023: Mastarklassen-elit"]
[Site "Helsingborg Arena, Mellersta Stenbocksgatan 14, Helsingborg, Sweden"]
[Date "2023.07.02"]
[Round "2.1"]
[White "Lindberg, Bengt"]
[Black "Lokander, Martin"]
[Result "0-1"]
[TimeControl "90 minutes for 40 moves + 30 minutes for the rest of games + 30 seconds per move from move one."]
[WhiteTitle "IM"]
[BlackTitle "IM"]
[WhiteElo "2353"]
[BlackElo "2444"]

1. e4 Nf6 2. e5 Nd5 3. d4 d6 4. Nf3 dxe5 5. Nxe5 g6 6. Be2 Bg7 7. O-O O-O 8. Re1 c5 9. dxc5 Bxe5 10.
Bf3 Qc7 11. Qxd5 Nc6 12. c3 Bxh2+ 13. Kh1 Bf4 14. Bxf4 Qxf4 15. Qe4 Qf6 16. Nd2 Bf5 17. Qf4 Rad8 18. Nc4 g5 19. Qg3 Kg7 20.
Re3 h5 21. Bxc6 bxc6 22. Rae1 Be6 23. Rf3 h4 24. Qh2 Qg6 25. Ne5 Qh5 26. c4 g4 27. Rfe3 Rd2 28. Qf4 g3 29. Nf3 Rxf2 30.
Qd4+ Kg8 31. Re5 Qh6 32. Rg5+ Kh7 33. Qe4+ f5 34. Qxe6 Qxe6 35. Rxe6 Rf1+ 36. Ng1 Rd8 37. Rxf5 Rxf5 38.
Rxe7+ Kh6 39. Re1 Rf2 40. Nh3 Rxb2 0-1

[Event "Schack-SM 2023: Junior-SM"]
[Site "Helsingborg Arena, Mellersta Stenbocksgatan 14, Helsingborg, Sweden"]
[Date "2023.07.02"]
[Round "2.4"]
[White "Dingertz, Erik"]
[Black "Strom-Engdahl, Alexander"]
[Result "1/2-1/2"]
[TimeControl "90 minutes for 40 moves + 30 minutes for the rest of the game + 30 seconds per move from move one."]
[WhiteElo "2090"]
[BlackElo "2120"]

1. d4 Nf6 2. c4 e6 3. g3 d5 4. Nf3 dxc4 5. Bg2 c5 6. Qa4+ Nbd7 7. O-O a6 8. dxc5 Bxc5 9. Nc3 Rb8 10.
Qxc4 b5 11. Qd3 Bb7 12. Bf4 Rc8 13. Rfd1 O-O 14. Ne5 Bxg2 15. Kxg2 Nxe5 16. Bxe5 Be7 17. Qf3 Qb6 18. Rd3 Qc6 19.
Rad1 b4 20. Qxc6 Rxc6 21. Bxf6 Bxf6 22. Na4 Rfc8 23. Kf3 Kf8 24. R1d2 Rc2 25. Ke3 Ke8 26. Rd6 R8c6 27. Rxc2 Rxd6 28.
Rc7 a5 29. Rc8+ Bd8 30. Nc5 Ke7 31. Nd3 Bb6+ 32. Kf3 f6 33. g4 e5 34. h4 Ke6 35. Nc5+ Bxc5 36. Rxc5 Rd2 37. Rxa5 Rxb2 38.
h5 b3 39. axb3 Rxb3+ 40. e3 Rb7 41. Ra6+ Kf7 42. Ra8 h6 43. Ke4 Rc7 1/2-1/2

[Event "Schack-SM 2023: Mastarklassen"]
[Site "Helsingborg Arena, Mellersta Stenbocksgatan 14, Helsingborg, Sweden"]
[Date "2023.07.02"]
[Round "2.3"]
[White "Franzen, Per-Erik"]
[Black "Nygren, David"]
[Result "1/2-1/2"]
[TimeControl "90 minutes for 40 moves + 30 minutes for the rest of games + 30 seconds per move from move one."]
[WhiteElo "2025"]
[BlackElo "2157"]

1. d4 Nf6 2. Nf3 e6 3. c4 c5 4. d5 exd5 5. cxd5 d6 6. Nc3 g6 7. Nd2 Nbd7 8. e4 a6 9. a4 Bg7 10.
Nc4 Nb6 11. Ne3 Bd7 12. a5 Nc8 13. Bd3 O-O 14. O-O Bb5 15. Re1 Bxd3 16. Qxd3 Nd7 17. Nc4 b5 18. axb6 Ncxb6 19. Bf4 Nxc4 20.
Qxc4 Be5 21. Be3 Qf6 22. Rxa6 Bxc3 23. bxc3 Ne5 24. Qe2 Rxa6 25. Qxa6 Ng4 26. Qe2 h5 27. h3 Ne5 28. f4 Nd7 29.
Qd3 Rb8 30. c4 Qh4 31. Bf2 Qxf4 32. Bg3 Qf6 33. Rf1 Qe7 34. Rb1 Rxb1+ 35. Qxb1 Ne5 36. Bxe5 Qxe5 37. Qd3 Kg7 38. Kf2 h4 39.
Qe3 f6 40. Ke2 Qb2+ 41. Kf3 Qc2 42. Qf4 Qd1+ 43. Kf2 Qd4+ 44. Kf3 Qd3+ 45. Kf2 Qd4+ 46. Kf3 Qxc4 47. Qxd6 Qf1+ 48. Ke3 Qg1+ 49.
Kf3 Qd1+ 50. Kf2 Qd4+ 51. Kf3 Qd3+ 52. Kf2 Qxe4 53. Qxc5 Qf4+ 54. Kg1 Qe5 55. Qc6 Qe3+ 56. Kh1 Qe1+ 57.
Kh2 Qe5+ 58. Kh1 Qe1+ 59. Kh2 Qg3+ 1/2-1/2

[Event "Schack-SM 2023: Veteran-SM 65+"]
[Site "Helsingborg Arena, Mellersta Stenbocksgatan 14, Helsingborg, Sweden"]
[Date "2023.07.02"]
[Round "2.5"]
[White "Vrabec, Josip"]
[Black "Blomstrom, Lars"]
[Result "0-1"]
[TimeControl "90 minutes for 40 moves + 30 minutes for the rest of games + 30 seconds per move from move one."]
[WhiteElo "1877"]
[BlackElo "2021"]

1. e4 e5 2. Nf3 Nc6 3. Bb5 a6 4. Bxc6 dxc6 5. O-O Qd6 6. d4 exd4 7. Qxd4 Qxd4 8. Nxd4 Bd7 9. Be3 O-O-O 10. Nd2 Re8 11. f3 c5 12. N4b3 b6 13. a4 a5 14. Nc4 f5 15. e5 Be6 16. Nbd2 Ne7 17. f4 Nd5 18. c3 Be7 19.
g4 h6 20. Kg2 Ref8 21. gxf5 Bxf5 22. Rad1 g5 23. h3 Bd3 24. Rfe1 gxf4 25. Bf2 Rhg8+ 26. Kh2 Bc2 27. Ra1 f3 28.
Rg1 Bg5 29. Kh1 Nf4 30. Rg3 Nd3 31. Rf1 Bd1 32. h4 Bxd2 33. Nxd2 Be2 34. Rxg8 Rxg8 35. Be3 Bxf1 36. Nxf1 f2 0-1

[Event "Schack-SM 2023: Veteran-SM 50+"]
[Site "Helsingborg Arena, Mellersta Stenbocksgatan 14, Helsingborg, Sweden"]
[Date "2023.07.02"]
[Round "2.5"]
[White "Karlsson, Ulf"]
[Black "Warston, Hakan"]
[Result "1-0"]
[TimeControl "90 minutes for 40 moves + 30 minutes for the rest of games + 30 seconds per move from move one."]
[WhiteElo "1968"]
[BlackElo "1522"]

1. e4 e6 2. f4 d5 3. e5 c5 4. Nf3 Nc6 5. c3 Nge7 6. Na3 Nf5 7. Nc2 Be7 8. Be2 Qc7 9. O-O O-O 10.
Kh1 Nh6 11. d4 Bd7 12. Be3 Nf5 13. Bf2 cxd4 14. cxd4 Rac8 15. Rc1 Qb6 16. a3 Na5 17. b4 Nc4 18. g4 Nh6 19. Rg1 f5 20.
exf6 gxf6 21. Qf1 Rf7 22. Qh3 Bf8 23. g5 fxg5 24. Nxg5 Rf6 25. Ne4+ Rg6 26. Nf6+ Kf7 27. Nxd7 Qd8 28.
Nxf8 Qxf8 29. Bh5 1-0

[Event "Schack-SM 2023: Sverigemastarklassen"]
[Site "Helsingborg Arena, Mellersta Stenbocksgatan 14, Helsingborg, Sweden"]
[Date "2023.07.02"]
[Round "2.3"]
[White "Seo, Jung Min"]
[Black "Kucuksari, Kaan"]
[Result "1/2-1/2"]
[TimeControl "90 minutes for 40 moves + 30 minutes for the rest of the game + 30 seconds per move from move one."]
[WhiteTitle "IM"]
[BlackTitle "IM"]
[WhiteElo "2469"]
[BlackElo "2512"]

1. d4 f5 2. g3 Nf6 3. Bg2 g6 4. Nf3 Bg7 5. O-O O-O 6. c4 d6 7. Nc3 c6 8. d5 e5 9. dxe6 Bxe6 10.
b3 Na6 11. Ng5 Bc8 12. Bb2 Qe7 13. Qd2 h6 14. Nf3 Be6 15. Rad1 Bf7 16. Rfe1 Rfe8 17. Nh4 Nc5 18. Qxd6 Qxd6 19.
Rxd6 Nfe4 20. Nxe4 Nxe4 21. Bxe4 Bxb2 22. Bf3 Rad8 23. Red1 Rxd6 24. Rxd6 Ba3 25. Rd7 Re7 26. Rd8+ Kg7 27.
Ng2 Kf6 28. h4 g5 29. hxg5+ hxg5 30.
e3 Be6 31. Ne1 Rd7 32. Rxd7 Bxd7 33. Nd3 Be8 34. Kf1 Bg6 35. Ke2 f4 36. gxf4 Bxd3+ 37. Kxd3 gxf4 38. exf4 Kf5 39. Bg2 Kxf4 40.
Bh3 Kf3 41. Bc8 c5 42. Bxb7 Kxf2 43. Ke4 Ke2 44. Kd5 Kd3 45. Bc6 Kc3 46. Ba4 Kb2 47. Kc6 Kxa2 48. Kb5 Bb4 49. Ka6 Kb2 50.
Kxa7 Ka2 51. Kb7 Kb2 52. Kc6 Ka2 53. Kd5 Kb2 54. Ke4 Kc3 55. Kf3 Kb2 56. Kg2 Kc3 57. Kh1 Kd2 58. Kg2 Kc3 59.
Kh1 Kd2 60. Kg2 Kc3 61. Kh1 1/2-1/2

[Event "Schack-SM 2023: Mastarklassen-elit"]
[Site "Helsingborg Arena, Mellersta Stenbocksgatan 14, Helsingborg, Sweden"]
[Date "2023.07.02"]
[Round "2.2"]
[White "Torngren, Gustav"]
[Black "Wiedenkeller, Michael"]
[Result "1/2-1/2"]
[TimeControl "90 minutes for 40 moves + 30 minutes for the rest of games + 30 seconds per move from move one."]
[WhiteTitle "FM"]
[BlackTitle "IM"]
[WhiteElo "2297"]
[BlackElo "2445"]

1. d4 d5 2. g3 Nf6 3. Bg2 c6 4. Nf3 Bf5 5. O-O e6 6. c4 Nbd7 7. Nc3 h6 8. Nd2 Be7 9. e4 dxe4 10.
Ndxe4 Nxe4 11. Nxe4 O-O 12. Be3 Nf6 13. Nc3 Qc7 14. Qe2 Rad8 15. Rfe1 Rfe8 16. a3 a6 17. Rac1 e5 18. dxe5 Qxe5 19.
Bb6 Qxe2 20. Rxe2 Rc8 21. Rce1 Kf8 22. f4 Nd7 23. Bd4 Bf6 24. Rxe8+ Rxe8 25. Rxe8+ Kxe8 26. Bxf6 Nxf6 27. h3 Ke7 28. Kf2 Kd6 29. b4 b6 30.
Na4 Nd7 31. g4 Bc2 32. Nc3 c5 33. Ke3 f6 34. Bb7 cxb4 35. axb4 Nb8 36. Nd5 a5 37. c5+ bxc5 38. bxa5 Bb3 39.
Nc3 Kc7 40. Ne4 Nd7 41. Ba8 Be6 42. Nc3 Bc4 43. h4 g5 44. hxg5 hxg5 45. fxg5 fxg5 46. Ne4 Be6 47. Nxg5 Bxg4 1/2-1/2

[Event "Schack-SM 2023: Junior-SM"]
[Site "Helsingborg Arena, Mellersta Stenbocksgatan 14, Helsingborg, Sweden"]
[Date "2023.07.02"]
[Round "2.5"]
[White "Lindholm, Gustav"]
[Black "Seo, Jung Hyun"]
[Result "0-1"]
[TimeControl "90 minutes for 40 moves + 30 minutes for the rest of the game + 30 seconds per move from move one."]
[WhiteElo "2155"]
[BlackElo "2124"]

1. d4 e6 2. c4 d5 3. Nf3 a6 4. cxd5 exd5 5. Nc3 c6 6. Qc2 Bd6 7. Bg5 Ne7 8. e3 f6 9. Bh4 Bf5 10.
Bd3 Bxd3 11. Qxd3 Qc8 12. Bg3 Qe6 13. Bxd6 Qxd6 14. O-O f5 15. b4 Nd7 16. Rab1 b5 17. Nd2 a5 18. a3 O-O 19.
f3 Nb6 20. Rfc1 Rfd8 21. Ne2 Nc4 22. Rc3 axb4 23. axb4 Ra2 24. Nf1 Re8 25. Nc1 Ra4 26. Rcb3 Qe6 27. Ne2 Ng6 28. Nc3 Ra7 29.
Re1 Qf6 30. Nd2 Nf4 31. Qc2 Nxe3 32. Nce4 fxe4 33. Rbxe3 Rae7 34. fxe4 Qxd4 35. Nb3 Qc4 36. Qxc4 bxc4 37. Nd4 Rxe4 38.
Rxe4 Rxe4 39. Rxe4 dxe4 40. Nxc6 c3 41. Nd4 Kf7 42. b5 Nd5 43.
Kf2 Kf6 44. Ke2 Ke5 45. Nb3 Kd6 46. g4 Ke5 47. h3 Kf4 48. Nc5 e3 49. Ne6+ Ke4 50. Ng5+ Kd4 51. Ne6+ Kc4 52. b6 c2 53.
b7 c1=Q 54. b8=Q Qd2+ 55. Kf3 Qf2+ 56. Ke4 Qg2 57. Kf5 Qf3+ 58. Kg5 Qf6+ 59. Kh5 Qh6+ 0-1

[Event "Schack-SM 2023: Mastarklassen"]
[Site "Helsingborg Arena, Mellersta Stenbocksgatan 14, Helsingborg, Sweden"]
[Date "2023.07.02"]
[Round "2.4"]
[White "Jogstad, Daniel"]
[Black "Cederstam, Carl"]
[Result "1/2-1/2"]
[TimeControl "90 minutes for 40 moves + 30 minutes for the rest of games + 30 seconds per move from move one."]
[WhiteTitle "CM"]
[BlackTitle "FM"]
[WhiteElo "2131"]
[BlackElo "2196"]

1. d4 e6 2. c4 d5 3. Nf3 Nf6 4. Nc3 h6 5. e3 c5 6. cxd5 exd5 7. Bd3 Nc6 8. h3 a6 9. O-O Be6 10.
Ne5 Rc8 11. f4 Bd6 12. Kh1 Rc7 13. Nxc6 Rxc6 14. f5 Bc8 15. e4 cxd4 16. Nxd5 Be5 17. Qf3 Qd6 18. Bd2 Nxd5 19. exd5 Rb6 20.
Rfe1 O-O 21. f6 Bxf6 22. Bf4 Qd7 23. Qe4 g6 24. Bxh6 Rd8 25. Bf4 Kg7 26. Rac1 Rxb2 27. Be5 Qf5 28.
Bxf6+ Qxf6 29. Rf1 Bf5 30. Qf3 Qg5 31. Rc7 Re8 32. d6 Re3 33. Qd5 Kh6 34. Rxf7 Rxd3 35. Rh7+ Kxh7 36. Qf7+ Kh6 37.
Qf8+ Kh7 38. Qf7+ Kh6 39. Qf8+ Kh5 40. Qh8+ Qh6 41. g4+ Bxg4 42. hxg4+ Kg5+ 43. Qxh6+ Kxh6 44. d7 Rdd2 45. Re1 Rh2+ 46.
Kg1 Rbg2+ 47. Kf1 Rf2+ 48. Kg1 Rhg2+ 49. Kh1 Rh2+ 50. Kg1 Rfg2+ 51. Kf1 Rxa2 52. Kg1 Rag2+ 53. Kf1 Rf2+ 54. Kg1 Rhg2+ 55. Kh1 Rh2+ 56. Kg1 Rfg2+ 57. Kf1 Rc2 58. Kg1 Rcg2+ 59. Kf1 Rb2 60. Kg1 Rhg2+ 61. Kh1 Rh2+ 62. Kg1 Rhg2+ 63. Kh1 Rh2+ 1/2-1/2

[Event "Schack-SM 2023: Veteran-SM 65+"]
[Site "Helsingborg Arena, Mellersta Stenbocksgatan 14, Helsingborg, Sweden"]
[Date "2023.07.02"]
[Round "2.6"]
[White "Haggvik, Kjell"]
[Black "Hedin, Gunnar"]
[Result "1/2-1/2"]
[TimeControl "90 minutes for 40 moves + 30 minutes for the rest of games + 30 seconds per move from move one."]
[WhiteElo "1683"]
[BlackElo "2093"]

1. c4 f5 2. d4 Nf6 3. Nc3 e6 4. g3 Bb4 5. Bg2 O-O 6. Qc2 d6 7. Nf3 Qe7 8. O-O Bxc3 9. Qxc3 Ne4 10.
Qc2 e5 11. b3 Nc6 12. Bb2 a5 13. a3 Bd7 14. Rad1 Rae8 15. dxe5 dxe5 16. Nxe5 Nxe5 17. Bxe5 Qxe5 18. Rxd7 Nf6 19.
Rd2 c6 20. e3 Re7 21. Rfd1 h5 22. c5 g6 23. Qc4+ Kg7 24. Qd4 Qe6 25. Qc3 Kh6 26. Rd6 Qf7 27. Rd8 Ree8 28. Rxe8 Rxe8 29.
Rd3 Ng4 30. Qxa5 Ne5 31. Rd8 Qxb3 32. Rxe8 Qd1+ 33. Bf1 Nf3+ 34. Kg2 Nh4+ 35. gxh4 1/2-1/2

[Event "Schack-SM 2023: Veteran-SM 50+"]
[Site "Helsingborg Arena, Mellersta Stenbocksgatan 14, Helsingborg, Sweden"]
[Date "2023.07.02"]
[Round "2.6"]
[White "Andersson, Bjorn 1961"]
[Black "Andersen, Martin"]
[Result "1-0"]
[TimeControl "90 minutes for 40 moves + 30 minutes for the rest of games + 30 seconds per move from move one."]
[WhiteElo "1791"]
[BlackElo "1616"]

1. e4 c5 2. g3 Nc6 3. Ne2 d6 4. Bg2 e5 5. O-O Be7 6. c3 Nf6 7. Na3 O-O 8. d4 cxd4 9. cxd4 Nxd4 10.
Nxd4 exd4 11. Qxd4 Nd7 12. Rd1 Nb6 13. Nb5 d5 14. exd5 Bf6 15. Qd3 a6 16. Nc3 g6 17. Be3 Bf5 18.
Be4 Bxe4 19. Nxe4 Nd7 20. Nxf6+ Qxf6 21. Bd4 Qd6 22. Bc3 f6 23. h4 Ne5 24. Bxe5 fxe5 25. Rd2 Rf7 26. Rc1 Raf8 27.
Qe4 Rc7 28. Rxc7 Qxc7 29. Rc2 Qd6 30. b4 Rd8 31. Rc5 Kg7 32. a4 h6 33. a5 Rf8 34. Kg2 Rf7 35. f3 Qf6 36. b5 Qd6 37.
Qc4 axb5 38. Qxb5 Qf6 39. Qd3 Qd6 40. Rb5 Qa6 41. Qe2 Re7 42. Qb2 Kf7 43. Qb3 Kg7 44. Qb4 Rd7 45. Qc5 Qa8 46.
d6 Qe8 47. Qd5 Kf6 48. Rxb7 Qa8 49. Rb5 Qxd5 50. Rxd5 Ke6 51. Rb5 Rxd6 52. Rb6 Rxb6 53. axb6 Kd6 54. Kf2 1-0